 Dungeon Crawl Stone Soup version 0.15.2 (webtiles) character file.

228727 Heini the Shatterer (level 18, -8/182 HPs)
             Began as a Minotaur Fighter on Feb 9, 2015.
             Was a High Priest of Okawaru.
             Engulfed by a fire crab's flame (16 damage)
             ... on Level 2 of the Shoals on Feb 12, 2015.
             The game lasted 02:33:02 (41028 turns).

Heini the Shatterer (Minotaur Fighter)             Turns: 41028, Time: 02:33:03

HP  -8/182       AC 34     Str 32      XL: 18   Next: 71%
MP   8/8         EV 10     Int  5      God: Okawaru [*****.]
Gold 3365        SH  0     Dex  8      Spells:  0 memorised, 17 levels left

rFire  . . .     SeeInvis +     y - +10 great mace "Cuzuhe Blen" {flame, Dex-2}
rCold  + . .     Clarity  .     i - +2 plate armour {rPois}
rNeg   . . .     rCorr    .     (no shield)
rPois  +         rRot     .     N - +1 hat {SInv}
rElec  +         Spirit   .     c - +2 cloak of the Lair of Beasts {MR+ Str+1 SInv}
SustAb +         Warding  .     P - +0 pair of gloves "Broux" {Str+1 Dex+1}
rMut   .         Stasis   .     w - +5 pair of boots of Forking Paths {Slay+4}
Gourm  .                        e - amulet of rage
MR     ++...                    W - ring of sustain abilities
                                Z - cursed ring of Jutua {+Blink rElec rC+ Slay+5}

@: mesmerised, very resistant to hostile enchantments, extremely unstealthy
A: retaliatory headbutt, horns 2, repulsion field 1
a: Heroism, Finesse, Renounce Religion, Evoke Blink, Evoke Berserk Rage
}: 1/15 runes: serpentine


You were on level 2 of the Shoals.
You worshipped Okawaru.
Okawaru was extremely pleased with you.
You were hungry.

You visited 7 branches of the dungeon, and saw 36 of its levels.
You also visited: Sewer and Ice Cave.

You collected 3640 gold pieces.
You spent 275 gold pieces at shops.

Inventory:

Hand weapons
 y - the +10 great mace "Cuzuhe Blen" (weapon) {flame, Dex-2}
   (Okawaru gifted it to you on level 8 of the Lair of Beasts)

   It emits flame when wielded, causing extra injury to most foes and up to
   double damage against particularly susceptible opponents.
   It affects your dexterity (-2).
Armour
 c - the cursed +2 cloak of the Lair of Beasts (worn) {MR+ Str+1 SInv}
   (You found it on level 8 of the Lair of Beasts)

   It affects your strength (+1).
   It affects your resistance to hostile enchantments.
   It enhances your eyesight.
   It has a curse placed upon it.
 i - a +2 plate armour of poison resistance (worn)
 w - the +5 pair of boots of Forking Paths (worn) {Slay+4}
   (Okawaru gifted it to you on level 5 of the Lair of Beasts)

   It affects your accuracy and damage with ranged weapons and melee attacks
   (+4).
 N - a +1 hat of see invisible (worn)
 P - the +0 pair of gloves "Broux" (worn) {Str+1 Dex+1}
   (You bought it in a shop on level 4 of the Orcish Mines)

   It affects your strength (+1).
   It affects your dexterity (+1).
 Y - a +0 plate armour
Magical devices
 l - a wand of teleportation (5)
 q - a wand of heal wounds (0)
 u - a wand of teleportation (2)
 x - a wand of teleportation (5)
 H - a wand of hasting (4)
 M - a wand of disintegration (5)
 R - a wand of confusion (17)
Comestibles
 d - 17 bread rations
 f - 13 meat rations
 p - 11 beef jerkies
 t - 21 fruits
 v - 18 royal jellies
 z - 13 slices of pizza
Scrolls
 a - a scroll of brand weapon
 g - a scroll of vulnerability
 m - 7 scrolls of recharging
 n - 13 scrolls of teleportation
 C - 4 scrolls of fear
 E - 20 scrolls of remove curse
 F - 5 scrolls of fog
 G - 7 scrolls of enchant armour
 I - 8 scrolls of amnesia
 O - 7 scrolls of enchant weapon
 T - 9 scrolls of identify
Jewellery
 e - an amulet of rage (around neck)
 r - an uncursed amulet of resist corrosion
 K - an uncursed ring of poison resistance
 W - a ring of sustain abilities (right hand)
 Z - the cursed ring of Jutua (left hand) {+Blink rElec rC+ Slay+5}
   (You found it in an ice cave)

   [ring of protection from cold]

   It affects your accuracy and damage with ranged weapons and melee attacks
   (+5).
   It protects you from cold.
   It insulates you from electricity.
   It lets you blink.
   It has a curse placed upon it.
Potions
 h - 11 potions of brilliance
 j - 6 potions of haste
 k - 2 potions of heal wounds
 o - 2 potions of flight
 s - 12 potions of curing
 A - 5 potions of restore abilities
 D - 2 potions of might
 J - a potion of porridge
 L - 3 potions of agility
 Q - 4 potions of cure mutation
 S - a potion of magic
 U - 2 potions of resistance
 V - a potion of invisibility
 X - a potion of berserk rage


   Skills:
 * Level 21.4 Fighting
 * Level 24.9 Maces & Flails
 * Level 18.7 Armour
   Level 3.6 Shields
 - Level 0.4 Evocations


You had 17 spell levels left.
You didn't know any spells.

Dungeon Overview and Level Annotations

Branches:
Dungeon (15/15)            Temple (1/1) D:7             Orc (4/4) D:9
    Elf (0/3) Orc:3          Lair (8/8) D:9          Shoals (2/5) Lair:3
  Snake (5/5) Lair:3        Slime (0/6) Lair:8       Vaults (0/5) D:14
 Depths (1/5) D:15

Altars:
Ashenzari
Cheibriados
Dithmenos
Elyvilon
Fedhas
Kikubaaqudgha
Makhleb
Nemelex Xobeh
Okawaru
Qazlal
Sif Muna
Trog
Vehumet
Xom
Yredelemnul
Zin
The Shining One
Beogh
Jiyva

Shops:
D:4 *   D:7 [   D:10 %   Orc:4 ([[(   Shoals:1 =   Snake:3 (

Portals:
Trove: D:14 (give 19 potions of curing)

Annotations:
D:15 exclusion: ice statue
Shoals:2 Polyphemus


Innate Abilities, Weirdness & Mutations

You reflexively headbutt those who attack you in melee.
You have a pair of horns on your head.
You are surrounded by a mild repulsion field (EV +2).


Message History

The blast of flame engulfs you! The fire crab breathes flames at you.
The blast of flame misses you.
You are engulfed in roaring flames.
* * * LOW HITPOINT WARNING * * *
The merfolk is engulfed in roaring flames.
The mermaid completely misses you. The fire crab breathes flames at you.
The blast of flame engulfs you!
* * * LOW HITPOINT WARNING * * *
The merfolk hits you but does no damage.
You are engulfed in roaring flames.
The mermaid closely misses you. The fire crab breathes flames at you.
The blast of flame engulfs you!
* * * LOW HITPOINT WARNING * * *
The merfolk zaps a wand.
The bolt of lightning misses you.
You bludgeon the merfolk!! You burn the merfolk.
The merfolk is heavily wounded.
You are engulfed in roaring flames.
You die...

..≈≈ .≈# ..≈≈≈≈
..≈.##.:≈≈..##
...≈≈..........≈≈
....≈≈.#.#..#.#.≈≈
.....≈≈..#..#..≈≈..
.....≈§m≈§##.≈≈≈≈≈.
..<..§§§§≈tt≈≈≈≈≈≈≈≈
.....≈§§§@m§≈≈≈≈≈≈≈≈≈
≈≈≈≈≈≈§≈.§§§≈≈≈≈≈≈.≈≈
≈≈≈≈≈≈≈§§§.≈≈≈≈≈≈≈≈≈
≈≈≈≈≈≈≈≈≈.≈≈≈≈≈≈≈≈≈
≈≈≈≈≈≈≈≈≈≈≈≈≈≈≈≈≈≈≈
≈≈≈≈≈≈≈≈≈≈≈≈≈≈≈≈≈≈
≈≈≈≈≈≈≈≈≈≈≈≈≈≈≈≈
≈≈≈≈≈≈≈≈≈≈≈≈≈≈
≈≈≈≈≈≈≈≈≈≈


You could see a merfolk, 2 fire crabs and a mermaid.

Vanquished Creatures
  Rupert (Snake:5)
  A frost giant (IceCv)
  18 greater nagas
  Aizul (Snake:4)
  An orc warlord (Orc:4)
  2 emperor scorpions (Depths:1)
  A stone giant (Depths:1)
  Azrael (D:14)
  The ghost of heinrich the Spry, a powerful SpWn of Makhleb (D:14)
  The ghost of Huymann the Basher, a powerful OgBe of Trog (D:10)
  A merfolk impaler (Shoals:1)
  4 vault guards (D:14)
  A fire dragon (D:14)
  Harold (Lair:1)
  An ice dragon (Lair:8)
  30 naga warriors
  A deep troll shaman (Lair:8)
  5 hydras
  2 merfolk aquamancers (Shoals:1)
  5 anacondas
  Erica (Lair:8)
  2 centaur warriors
  An ogre mage (D:14)
  An alligator snapping turtle (Shoals:1)
  A ravenous item mimic (Lair:6)
  10 death yaks
  A tengu warrior (D:14)
  24 naga sharpshooters
  4 shock serpents
  2 catoblepae
  2 salamander mystics (Snake:5)
  A fire crab (Lair:7)
  A golden dragon zombie (D:15)
  9 sea snakes
  A flayed ghost (D:15)
  6 naga ritualists (Snake:5)
  An ice statue (IceCv)
  8 hill giants
  4 unseen horrors
  A lindwurm (Lair:8)
  20 harpies
  2 cyclopes
  A deep elf conjurer (D:15)
  9 griffons
  2 orc sorcerers
  4 orc knights
  A shadow dragon skeleton (D:15)
  A necromancer (D:15)
  A stone giant zombie (D:15)
  6 manticores
  13 ugly things
  3 water nymphs
  9 elephants
  6 mana vipers
  12 salamanders
  3 wolf spiders
  3 mermaids
  26 black mambas
  24 naga magi
  Psyche (Orc:1)
  12 guardian serpents
  12 spiny frogs
  A spriggan zombie (D:15)
  A gargoyle (D:14)
  A feature mimic (Snake:2)
  5 komodo dragons
  4 tengu conjurers
  2 guardian mummies (D:15)
  9 merfolk
  2 fire drakes
  Grinder (D:6)
  18 polar bears
  A spriggan druid (Lair:5)
  6 trolls
  A fire vortex (D:9)
  11 two-headed ogres
  A wind drake (Shoals:2)
  A queen bee (Lair:3)
  2 wandering mushrooms
  A raven (shapeshifter) (D:14)
  33 blink frogs
  A raven (D:15)
  A griffon skeleton (D:15)
  A redback (Orc:3)
  2 basilisks
  A boulder beetle (Lair:7)
  37 yaks
  7 water elementals
  2 shadows
  5 wyverns
  A wraith (D:15)
  5 deep elf magi
  A human (D:7)
  5 fire bats
  14 hippogriffs
  A tarantella (Orc:3)
  Grum (D:9)
  2 hungry ghosts (D:13)
  2 steam dragons
  6 fire elementals (D:14)
  4 deep elf fighters
  5 vampire mosquitoes
  3 hell hounds
  A soldier ant (D:10)
  35 wolves
  2 mottled dragons (D:14)
  93 nagas
  20 porcupines
  36 water moccasins
  An orc zombie (D:15)
  4 phantoms
  A warg (Orc:4)
  39 orc warriors
  9 ogres
  A black bear (shapeshifter) (D:14)
  4 black bears
  15 ice beasts
  A necrophage (D:8)
  8 boring beetles
  2 yellow wasps (D:12)
  24 centaurs
  Sigmund (D:2)
  17 crocodiles
  A hill giant simulacrum (D:14)
  A big kobold (D:12)
  22 giant frogs
  A komodo dragon skeleton (D:12)
  A troll zombie (D:9)
  28 killer bees
  4 scorpions
  A yak skeleton (D:9)
  A wight (D:9)
  A hippogriff skeleton (D:9)
  7 crimson imps
  2 electric eels (Lair:1)
  An elf skeleton (D:15)
  2 goliath beetles
  13 iguanas
  5 jellies
  26 orc priests
  2 quasits
  11 hounds
  A centaur skeleton (D:5)
  3 iron imps (D:3)
  46 orc wizards
  Natasha (thrice) (D:6)
  7 orange rats (Lair:7)
  9 worker ants
  17 sheep
  A big kobold skeleton (D:6)
  A mummy (D:15)
  4 gnolls (D:8)
  73 green rats
  26 adders
  2 shadow imps
  An inept item mimic (D:7)
  A white imp (D:15)
  3 worms (D:4)
  2 giant geckos
  2 oozes
  218 orcs
  12 bats
  7 giant cockroaches
  23 goblins
  21 hobgoblins
  13 jackals
  16 quokkas
  12 ball pythons
  7 giant newts
  A giant spore (D:11)
  A jackal zombie (D:7)
  20 kobolds
  A kobold skeleton (D:5)
  16 rats
  2 ballistomycetes (D:11)
  2 bushes (Lair:8)
  10 fungi
  6 plants
1573 creatures vanquished.

Vanquished Creatures (others)
  2 fire vortices (D:9)
  3 plants
5 creatures vanquished.

Grand Total: 1578 creatures vanquished

Notes
Turn   | Place    | Note
--------------------------------------------------------------
     0 | D:1      | Heini, the Minotaur Fighter, began the quest for the Orb.
     0 | D:1      | Reached XP level 1. HP: 19/19 MP: 1/1
   127 | D:1      | Reached XP level 2. HP: 17/27 MP: 1/1
   138 | D:1      | Reached skill level 4 in Armour
   506 | D:2      | Found a glowing silver altar of Zin.
   553 | D:2      | Found an ancient bone altar of Kikubaaqudgha.
   571 | D:2      | Reached XP level 3. HP: 30/33 MP: 2/2
   682 | D:2      | Noticed Sigmund
   692 | D:2      | Killed Sigmund
   692 | D:2      | Reached skill level 5 in Armour
   692 | D:2      | Reached XP level 4. HP: 36/41 MP: 2/2
  1078 | D:3      | Found a burning altar of Makhleb.
  1108 | D:3      | Reached skill level 5 in Fighting
  1108 | D:3      | Reached XP level 5. HP: 30/48 MP: 2/2
  1116 | D:3      | Reached skill level 6 in Armour
  1493 | D:3      | Found a shimmering altar of Xom.
  1497 | D:3      | Reached XP level 6. HP: 52/56 MP: 3/3
  1644 | D:4      | Found a glowing drain.
  1657 | Sewer    | Entered a sewer
  2520 | D:4      | Found Xetaerch's Assorted Antiques.
  2751 | D:4      | Reached skill level 7 in Armour
  2828 | D:4      | Reached skill level 5 in Maces & Flails
  2828 | D:4      | Reached XP level 7. HP: 46/63 MP: 3/3
  3290 | D:5      | Entered Level 5 of the Dungeon
  3989 | D:5      | Reached XP level 8. HP: 69/73 MP: 3/3
  4009 | D:5      | Reached skill level 8 in Armour
  4303 | D:6      | Noticed Grinder
  4304 | D:6      | Paralysed by Grinder for 3 turns
  4312 | D:6      | Killed Grinder
  4586 | D:6      | Noticed Natasha
  4596 | D:6      | Killed Natasha
  4604 | D:6      | Noticed Natasha
  4613 | D:6      | Killed Natasha
  4856 | D:6      | Noticed Natasha
  4858 | D:6      | Killed Natasha
  4914 | D:7      | Found a staircase to the Ecumenical Temple.
  4922 | Temple   | Entered the Ecumenical Temple
  5214 | Temple   | Became a worshipper of Warmaster Okawaru
  5348 | D:7      | Reached skill level 9 in Armour
  5507 | D:7      | Reached XP level 9. HP: 82/82 MP: 4/4
  5637 | D:7      | Noticed a two-headed ogre
  5641 | D:7      | Killed a two-headed ogre
  5647 | D:7      | Acquired Okawaru's first power
  5708 | D:7      | Found Ukadaam's Armour Boutique.
  6264 | D:8      | Reached skill level 10 in Armour
  6290 | D:8      | Reached skill level 10 in Fighting
  6317 | D:8      | Reached skill level 10 in Maces & Flails
  6874 | D:8      | Reached XP level 10. HP: 90/94 MP: 4/4
  6879 | D:9      | Found a staircase to the Orcish Mines.
  7193 | D:9      | Reached skill level 11 in Maces & Flails
  7266 | D:9      | Noticed Grum
  7290 | D:9      | Killed Grum
  7732 | D:9      | Found a staircase to the Lair.
  7746 | D:9      | Found a shadowy altar of Dithmenos.
  7922 | D:9      | Reached skill level 12 in Maces & Flails
  8557 | D:9      | Killed an unseen horror
  8893 | Lair:1   | Entered Level 1 of the Lair of Beasts
  8893 | Lair:1   | Noticed Harold
  8917 | D:9      | Reached XP level 11. HP: 17/104 MP: 4/4
  9225 | Lair:1   | Killed Harold
  9491 | Lair:1   | Acquired Okawaru's second power
  9690 | Lair:1   | Reached skill level 13 in Maces & Flails
  9928 | Lair:1   | Received a gift from Okawaru
  9937 | Lair:1   | Got a transparent hat {god gift}
  9943 | Lair:1   | Identified the -3 hat of Vlad {rElec} (Okawaru gifted it to you on level 1 of the Lair of Beasts)
 11524 | Lair:2   | Reached skill level 14 in Maces & Flails
 12319 | Lair:3   | Found a staircase to the Snake Pit.
 12321 | Lair:3   | Reached XP level 12. HP: 112/115 MP: 5/5
 12589 | Lair:3   | Found a staircase to the Shoals.
 12889 | Lair:3   | Received a gift from Okawaru
 13327 | Lair:4   | Reached skill level 15 in Maces & Flails
 14385 | Lair:4   | Received a gift from Okawaru
 14388 | Lair:4   | Got a faintly glowing great mace {god gift}
 14452 | Lair:4   | Identified the +4 great mace of Laceration {flame, rElec Str-4} (Okawaru gifted it to you on level 4 of the Lair of Beasts)
 15100 | Lair:5   | Reached XP level 13. HP: 119/125 MP: 5/5
 15173 | Lair:5   | Reached skill level 16 in Maces & Flails
 15203 | Lair:5   | Noticed a four-headed hydra
 15216 | Lair:5   | Killed a four-headed hydra
 15389 | Lair:5   | Received a gift from Okawaru
 15400 | Lair:5   | Got a pair of crude boots {god gift}
 15412 | Lair:5   | Identified the +5 pair of boots of Forking Paths {Slay+4} (Okawaru gifted it to you on level 5 of the Lair of Beasts)
 16711 | Lair:7   | Reached skill level 17 in Maces & Flails
 16759 | Lair:7   | Reached skill level 15 in Fighting
 16882 | Lair:8   | Entered Level 8 of the Lair of Beasts
 17003 | Lair:8   | Reached skill level 15 in Armour
 17167 | Lair:8   | Got a smoking cloak
 17191 | Lair:8   | Identified the cursed +2 cloak of the Lair of Beasts {MR+ Str+1 SInv} (You found it on level 8 of the Lair of Beasts)
 17214 | Lair:8   | Received a gift from Okawaru
 17225 | Lair:8   | Got a steaming great mace {god gift}
 17226 | Lair:8   | Identified the +10 great mace "Cuzuhe Blen" {flame, Dex-2} (Okawaru gifted it to you on level 8 of the Lair of Beasts)
 17272 | Lair:8   | Found a viscous altar of Jiyva.
 17273 | Lair:8   | Found a staircase to the Slime Pits.
 17323 | Lair:8   | Found a frozen archway.
 17480 | IceCv    | Entered an ice cave
 17606 | IceCv    | Reached XP level 14. HP: 136/136 MP: 5/5
 17689 | IceCv    | Reached skill level 18 in Maces & Flails
 17719 | IceCv    | Received a gift from Okawaru
 17864 | IceCv    | Got a steaming copper ring
 17926 | IceCv    | Identified the ring of Jutua {+Blink rElec rC+ Slay+5} (You found it in an ice cave)
 18145 | IceCv    | Noticed a frost giant
 18158 | IceCv    | Killed a frost giant
 18158 | IceCv    | Received a gift from Okawaru
 18693 | Lair:8   | Received a gift from Okawaru
 18792 | Lair:8   | Reached skill level 19 in Maces & Flails
 18935 | Lair:8   | Noticed Erica
 18943 | Lair:8   | Killed Erica
 19646 | Orc:1    | Entered Level 1 of the Orcish Mines
 19906 | Orc:2    | Noticed Psyche
 20022 | Orc:1    | Paralysed by Psyche for 7 turns
 20030 | Orc:1    | Killed Psyche
 20705 | Orc:1    | Found a bloodstained altar of Trog.
 21175 | Orc:3    | Found a staircase to the Elven Halls.
 21995 | Orc:4    | Entered Level 4 of the Orcish Mines
 22061 | Orc:4    | Found a roughly hewn altar of Beogh.
 22078 | Orc:4    | Found Waqun's Armour Emporium.
 22140 | Orc:4    | Found a roughly hewn altar of Beogh.
 22259 | Orc:4    | Found a roughly hewn altar of Beogh.
 22302 | Orc:4    | Found a roughly hewn altar of Beogh.
 22328 | Orc:4    | Found Hamom's Weapon Shoppe.
 22550 | Orc:4    | Found a roughly hewn altar of Beogh.
 22707 | Orc:4    | Noticed an orc warlord
 22724 | Orc:4    | Killed an orc warlord
 22820 | Orc:4    | Reached XP level 15. HP: 113/147 MP: 7/7
 22846 | Orc:4    | Found a roughly hewn altar of Beogh.
 22846 | Orc:4    | Found Funiam's Antique Armour Emporium.
 22862 | Orc:4    | Found Usacs' Antique Weapon Shoppe.
 22932 | Orc:4    | Bought a pair of crude gloves for 275 gold pieces
 22983 | Orc:4    | Identified the +0 pair of gloves "Broux" {Str+1 Dex+1} (You bought it in a shop on level 4 of the Orcish Mines)
 22997 | Orc:4    | Found a roughly hewn altar of Beogh.
 23100 | Orc:4    | Found a roughly hewn altar of Beogh.
 23627 | Shoals:1 | Entered Level 1 of the Shoals
 23675 | Shoals:1 | Received a gift from Okawaru
 23716 | Shoals:1 | Reached skill level 20 in Maces & Flails
 24600 | Shoals:1 | Found Caud Tau's Jewellery Emporium.
 24770 | Shoals:1 | Received a gift from Okawaru
 25115 | Snake:1  | Entered Level 1 of the Snake Pit
 26667 | Snake:2  | Received a gift from Okawaru
 27266 | Snake:3  | Reached skill level 21 in Maces & Flails
 27349 | Snake:3  | Found a flickering gateway to a bazaar.
 27349 | Snake:3  | Found Qaerafuc's Antique Weapon Shoppe.
 27920 | Snake:3  | Reached XP level 16. HP: 116/158 MP: 7/7
 28982 | Snake:4  | Noticed Aizul
 28999 | Snake:4  | Killed Aizul
 29011 | Snake:4  | Received a gift from Okawaru
 29538 | Snake:4  | Received a gift from Okawaru
 29552 | Snake:4  | Identified a +0 pair of boots of running (Okawaru gifted it to you on level 4 of the Snake Pit)
 29956 | Snake:5  | Entered Level 5 of the Snake Pit
 30062 | Snake:5  | Reached skill level 22 in Maces & Flails
 30424 | Snake:5  | Noticed Rupert
 30461 | Snake:5  | Killed Rupert
 31481 | Snake:5  | Received a gift from Okawaru
 31599 | Snake:5  | Received a gift from Okawaru
 31626 | Snake:5  | Reached XP level 17. HP: 134/168 MP: 7/7
 32438 | Snake:5  | Reached skill level 23 in Maces & Flails
 34117 | Snake:5  | Received a gift from Okawaru
 34120 | Snake:5  | Got an iridescent flail {god gift}
 34123 | Snake:5  | Identified the +6 flail of Charity {crush, Str-4 SInv Stlth+} (Okawaru gifted it to you on level 5 of the Snake Pit)
 34748 | Snake:5  | Got a serpentine rune of Zot
 35315 | D:10     | Entered Level 10 of the Dungeon
 35504 | D:10     | Noticed Huymann's ghost (powerful OgBe)
 35517 | D:10     | Killed Huymann's ghost
 35551 | D:10     | Found Yvessocial's Food Boutique.
 35903 | D:11     | Found a shattered altar of Ashenzari.
 36169 | D:11     | Received a gift from Okawaru
 37015 | D:12     | Gained mutation: You are surrounded by a mild repulsion field (EV +2). [potion of beneficial mutation]
 37473 | D:13     | Reached XP level 18. HP: 180/180 MP: 8/8
 37548 | D:14     | Reached skill level 24 in Maces & Flails
 37645 | D:14     | Noticed heinrich's ghost (powerful SpWn)
 37649 | D:14     | Killed heinrich's ghost
 38051 | D:14     | Noticed Azrael
 38069 | D:14     | Killed Azrael
 38094 | D:14     | Found a portal to a secret trove of treasure.
 38294 | D:14     | Found a gate to the Vaults.
 38655 | D:15     | Entered Level 15 of the Dungeon
 38896 | D:15     | Received a gift from Okawaru
 39467 | D:15     | Found a staircase to the Depths.
 40006 | Depths:1 | Entered Level 1 of the Depths
 40997 | Shoals:2 | Noticed Polyphemus
 41027 | Shoals:2 | HP: 8/182 [fire crab/blast of flame (13)]
 41028 | Shoals:2 | Engulfed by a fire crab's flame

Action                   |  1- 3 |  4- 6 |  7- 9 | 10-12 | 13-15 | 16-18 || total
-------------------------+-------+-------+-------+-------+-------+-------++-------
Melee: Flail             |    72 |   236 |   412 |   870 |       |       ||  1590
       Great mace        |       |       |       |    72 |  1166 |  1003 ||  2241
Invok: Heroism           |       |       |       |     1 |       |       ||     1
 Abil: Evoke Blink       |       |       |       |       |     2 |       ||     2
Evoke: Wand              |       |       |       |     7 |     8 |     8 ||    23
  Use: Scroll            |     1 |    10 |    10 |     8 |     5 |     8 ||    42
       Potion            |     1 |       |     2 |     3 |       |     7 ||    13
  Eat: Chunk             |       |     7 |    13 |    28 |    41 |    41 ||   130
